 Dungeon Crawl Stone Soup version 0.30-a0-728-gc68057be0a (webtiles) character file.

Game seed: 4552700103947245285

7927 Laraso the Grappler (level 11, -4/92 HPs)
             Began as a Ghoul Necromancer on Jan 30, 2023.
             Was an Elder of Nemelex Xobeh.
             Slain by a yak (14 damage)
             ... on level 2 of the Lair of Beasts.
             The game lasted 00:17:39 (12850 turns).

Laraso the Grappler (Ghoul Necromancer)            Turns: 12850, Time: 00:17:40

Health: -4/92      AC:  7    Str: 13    XL:     11   Next: 22%
Magic:  2/16       EV: 12    Int: 14    God:    Nemelex Xobeh [****..]
Gold:   601        SH:  0    Dex:  9    Spells: 5/18 levels left

rFire   . . .      SeeInvis .      - Unarmed
rCold   + + .      Faith    .    (no shield)
rNeg    + + +      Spirit   .    i - +2 leather armour {rPois}
rPois   ∞          Reflect  .    (no helmet)
rElec   .          Harm     .    g - +0 cloak
rCorr   .          Rampage  .    (no gloves)
Will    .....                    h - +0 pair of boots
Stlth   ++                       (no amulet)
HPRegen 0.00/turn                f - ring of protection from cold
MPRegen 0.15/turn                (no ring)

@: animating dead, inhibited regen, studying Unarmed Combat
A: claws 1, cold resistance 1, negative energy resistance 3, inhibited
regeneration, torment resistance 2, devour on kill
a: Renounce Religion, Draw Escape, Draw Destruction, Draw Summoning, Triple
Draw, Deal Four


You were on level 2 of the Lair of Beasts.
You worshipped Nemelex Xobeh.
Nemelex Xobeh was greatly pleased with you.
You visited 2 branches of the dungeon, and saw 11 of its levels.

You collected 601 gold pieces.

Inventory:

Missiles
 o - 3 throwing nets
Armour
 g - a +0 cloak (worn)
 h - a +0 pair of boots (worn)
 i - a +2 leather armour of poison resistance (worn)
Jewellery
 f - a ring of protection from cold (left claw)
 C - a +6 ring of intelligence
Wands
 j - a wand of digging (4)
 k - a wand of roots (12)
 p - a wand of flame (46)
 y - a wand of mindburst (12)
 G - a wand of light (7)
 H - a wand of polymorph (4)
Scrolls
 a - a scroll of poison
 c - 2 scrolls of vulnerability
 e - 3 scrolls of teleportation
 l - a scroll of amnesia
 n - 2 scrolls of enchant armour
 r - 2 scrolls of immolation
 t - a scroll of torment {unknown}
 v - 3 scrolls of enchant weapon {unknown}
 w - 2 scrolls of fog {unknown}
 D - a scroll of silence {unknown}
 F - a scroll of brand weapon {unknown}
Potions
 b - a potion of magic
 d - 2 potions of curing
 q - 4 potions of haste
 s - a potion of cancellation {unknown}
 u - a potion of might {unknown}
 x - a potion of flight {unknown}
 z - a potion of invisibility
 A - a potion of berserk rage {unknown}
 B - 4 potions of heal wounds
 E - a potion of mutation {unknown}


   Skills:
 - Level 7.0 Fighting
 - Level 2.0 Armour
 - Level 5.0 Dodging
 - Level 4.0 Stealth
 - Level 14.1 Unarmed Combat
 - Level 4.0 Spellcasting
 - Level 9.0 Necromancy
 * Level 5.4 Invocations


You had 5 spell levels left.
You knew the following spells:

 Your Spells              Type           Power      Damage    Failure   Level
a - Necrotise             Necr           100%       1d9       1%          1
b - Vampiric Draining     Necr           28%        2d8       1%          3
c - Animate Dead          Necr           28%        N/A       6%          4
d - Agony                 Necr           28%        N/A       17%         5

Your spell library contained the following spells:

 Spells                   Type           Power      Damage    Failure   Level
 Summon Ice Beast         Ice/Summ       2%         N/A       94%         4
 Summon Mana Viper        Hex/Summ       2%         N/A       100%        5
 Monstrous Menagerie      Summ           1%         N/A       100%        7
 Summon Hydra             Summ           1%         N/A       100%        7
 Sublimation of Blood     Necr           Unusable   N/A       N/A         2
 Wereblood                Tmut           Unusable   N/A       N/A         2

Dungeon Overview and Level Annotations

Branches:
Dungeon (9/15)             Temple (0/1) D:7            Lair (2/5) D:9
  Swamp: Lair:2-3    Shoals: Lair:2-3     Snake: Lair:2-3    Spider: Lair:2-3
    Orc: D:9-12

Altars:
Dithmenos
Nemelex Xobeh
Okawaru
Uskayaw
Xom

Shops:
D:1 *

Annotations:
D:5 3 runed translucent doors, iguanaiguana's ghost, weakling MeDe; lunkers's ghost, novice MeFi


Innate Abilities, Weirdness & Mutations

You are immune to poison.
You have sharp fingernails.
Your flesh is cold resistant. (rC+)
You are immune to negative energy. (rN+++)
You do not regenerate when monsters are visible.
You are immune to unholy pain and torment.
You thrive by killing the living.


Message History

Casting: Vampiric Draining (safe; 1% risk of failure)
Confirm with . or Enter, or press ? or * to list all spells.
You call upon the dead to rise.
The yak bellows! x2
The yak gores you!
Casting: Animate Dead (dangerous; 6% risk of failure)
Confirm with . or Enter, or press ? or * to list all spells.
Aiming: Vampiric Draining (safe; 1% risk of failure)
Press: ? - help, Shift-Dir - straight line, f/p - yak
Aim: a yak (heavily wounded)
You draw life force from the yak!
You feel life coursing into your body. The yak gores you!
* * * LOW HITPOINT WARNING * * *
Unknown command.
Casting: Vampiric Draining (safe; 1% risk of failure)
Confirm with . or Enter, or press ? or * to list all spells.
Aiming: Vampiric Draining (safe; 1% risk of failure)
Press: ? - help, Shift-Dir - straight line, f/p - yak
Aim: a yak (severely wounded)
You draw life force from the yak.
You feel life coursing into your body. The yak misses you.
Unknown command.
The yak attacks as you move away! The yak gores you.
* * * LOW HITPOINT WARNING * * *
The yak attacks as you move away! The yak barely misses you.
There is a stone staircase leading down here.
The yak gores you!
* * * LOW HITPOINT WARNING * * *
You climb downwards.
The wolf howls!
You hear a howl!
There is a stone staircase leading up here.
You claw the yak!
The yak is heavily wounded.
The yak gores you.
* * * LOW HITPOINT WARNING * * *
You barely miss the yak.
The yak is heavily wounded.
The yak gores you!
You die...
Your body disappears without a glow.

#...
#....
#.... ##
#...#
#.. ...#
#.##..#
#.Y...#
#@.8#
#......#
##..#..#
#.. ...#
...
#...#
#...
#..h.
....
#....
.....
....


You could see a yak and a wolf.

Vanquished Creatures
  A two-headed ogre (D:8)
  Grinder (D:4)
  3 wyverns (D:9)
  A basilisk (D:9)
  A steam dragon (D:9)
  7 yaks
  Menkaure (D:6)
  4 water moccasins
  2 orc warriors
  3 ice beasts
  A sky beast (D:7)
  2 black bears
  An ogre (D:8)
  2 wolves (Lair:1)
  2 centaurs
  4 phantoms
  A kobold brigand (D:9)
  2 gnoll sergeants
  3 scorpions (D:6)
  3 necrophages
  4 bullfrogs
  4 wights
  2 killer bees (D:9)
  2 electric eels (Lair:1)
  2 howler monkeys (D:5)
  2 lava snakes (Lair:1)
  5 hounds
  2 orc priests
  2 iguanas
  7 orc wizards
  An ice beast zombie (D:8)
  15 gnolls
  14 adders
  A white imp (D:6)
  2 ufetubi (D:5)
  2 worms
  2 dart slugs (D:5)
  24 orcs
  9 ball pythons
  5 endoplasms
  2 giant cockroaches (D:1)
  2 goblins
  4 hobgoblins
  2 jackals (D:4)
  4 quokkas
  6 bats
  2 frilled lizards
  8 kobolds
  3 rats
185 creatures vanquished.

Vanquished Creatures (collateral kills)
  A yak (D:9)
  A wyvern (D:9)
  A steam dragon (D:8)
  2 basilisks
  2 water moccasins
  3 wolves (Lair:1)
  A gnoll sergeant (D:9)
  3 killer bees (D:9)
  A kobold (D:9)
15 creatures vanquished.

Vanquished Creatures (others)
  A water moccasin zombie (D:9)
  A wyvern zombie (D:9)
  2 yak zombies (Lair:1)
  A killer bee zombie (D:9)
  An ice beast zombie (D:7)
  A gnoll zombie (D:6)
  4 kobold zombies (D:9)
  3 orc zombies (D:7)
  4 fungi (D:9)
  24 plants (D:9)
  2 withered plants (D:5)
44 creatures vanquished.

Grand Total: 244 creatures vanquished

Notes
Turn   | Place    | Note
-------+----------+-------------------------------------------
     0 | D:1      | Laraso the Ghoul Necromancer began the quest for the Orb.
     0 | D:1      | Reached XP level 1. HP: 14/14 MP: 2/2
   121 | D:1      | Found Xaugaghiqu's General Store.
   338 | D:1      | Reached skill level 1 in Unarmed Combat
   469 | D:1      | Reached XP level 2. HP: 20/20 MP: 0/3
   579 | D:1      | Reached skill level 2 in Unarmed Combat
  1384 | D:2      | Reached XP level 3. HP: 26/26 MP: 0/4
  1556 | D:2      | Reached skill level 3 in Unarmed Combat
  1707 | D:2      | Learned a level 3 spell: Vampiric Draining
  1889 | D:2      | Found a faded altar of an unknown god.
  2283 | D:3      | Reached skill level 4 in Unarmed Combat
  2283 | D:3      | Reached XP level 4. HP: 33/33 MP: 2/5
  2533 | D:4      | Reached skill level 5 in Unarmed Combat
  2533 | D:4      | Reached XP level 5. HP: 10/39 MP: 1/6
  2658 | D:4      | Reached skill level 1 in Fighting
  3080 | D:3      | Learned a level 4 spell: Animate Dead
  3318 | D:3      | Reached XP level 6. HP: 39/48 MP: 6/9
  3668 | D:3      | Found a sparkling altar of Nemelex Xobeh.
  3731 | D:4      | Noticed Grinder
  3731 | D:4      | Paralysed by Grinder for 4 turns
  3744 | D:4      | Paralysed by Grinder for 2 turns
  3757 | D:4      | Paralysed by Grinder for 4 turns
  3766 | D:4      | Paralysed by Grinder for 4 turns
  3786 | D:4      | Killed Grinder
  3787 | D:4      | Reached skill level 5 in Necromancy
  3924 | D:4      | Reached XP level 7. HP: 38/55 MP: 10/10
  4387 | D:4      | Noticed a yak
  5572 | D:5      | Entered Level 5 of the Dungeon
  5722 | D:5      | Found an iron altar of Okawaru.
  5749 | D:5      | Reached skill level 6 in Unarmed Combat
  5858 | D:3      | Became a worshipper of Nemelex Xobeh the Trickster
  5941 | D:5      | Reached skill level 7 in Unarmed Combat
  5947 | D:5      | Reached skill level 8 in Unarmed Combat
  5951 | D:5      | Reached XP level 8. HP: 31/61 MP: 7/11
  5966 | D:5      | Reached skill level 9 in Unarmed Combat
  6181 | D:5      | Reached skill level 10 in Unarmed Combat
  6365 | D:5      | Found a hide-covered altar of Uskayaw.
  6375 | D:5      | Reached skill level 11 in Unarmed Combat
  6528 | D:5      | Found a runed translucent gate.
  6529 | D:5      | Found a runed translucent gate.
  6529 | D:5      | Found a runed translucent gate.
  6532 | D:5      | Noticed lunkers's ghost (novice MeFi)
  6532 | D:5      | Noticed iguanaiguana's ghost (weakling MeDe)
  6761 | D:6      | Reached skill level 12 in Unarmed Combat
  7132 | D:6      | Reached * piety under Nemelex Xobeh
  7153 | D:6      | Reached skill level 13 in Unarmed Combat
  7153 | D:6      | Reached XP level 9. HP: 67/67 MP: 12/12
  7230 | D:6      | Noticed Menkaure
  7239 | D:6      | Killed Menkaure
  7240 | D:6      | Reached skill level 14 in Unarmed Combat
  7280 | D:6      | Received a gift from Nemelex Xobeh
  7749 | D:6      | Reached skill level 1 in Armour
  8053 | D:7      | Found a staircase to the Ecumenical Temple.
  8417 | D:7      | Found a shadowy altar of Dithmenos.
  8419 | D:7      | Found a shimmering altar of Xom.
  8437 | D:7      | Received a gift from Nemelex Xobeh
  8491 | D:7      | Reached ** piety under Nemelex Xobeh
  9130 | D:8      | Received a gift from Nemelex Xobeh
  9155 | D:8      | Noticed Maurice
  9174 | D:7      | Reached skill level 5 in Dodging
  9395 | D:8      | Reached XP level 10. HP: 78/78 MP: 9/13
  9477 | D:8      | Noticed Maurice
  9480 | D:8      | Killed Maurice the ogre
  9655 | D:8      | Received a gift from Nemelex Xobeh
  9793 | D:8      | Reached *** piety under Nemelex Xobeh
 10126 | D:8      | Noticed a two-headed ogre
 10138 | D:8      | Killed a two-headed ogre
 10234 | D:8      | Learned a level 5 spell: Agony
 10931 | D:9      | Received a gift from Nemelex Xobeh
 10982 | D:9      | Reached skill level 5 in Fighting
 11663 | D:9      | Found a staircase to the Lair.
 11945 | Lair:1   | Entered Level 1 of the Lair of Beasts
 11953 | D:9      | Reached skill level 1 in Invocations
 11953 | D:9      | Reached XP level 11. HP: 72/92 MP: 11/16
 12238 | Lair:1   | Reached **** piety under Nemelex Xobeh
 12244 | Lair:1   | Identified the +0 leather armour "Qaomun" {rC++}
 12494 | Lair:1   | Reached skill level 5 in Invocations
 12850 | Lair:2   | Slain by a yak

Illustrated notes

Levels and vault maps discovered:
D:1:      wander_arrival_desolate, layout_loops_corners, serial_shops, shop
D:2:      layout_loops_ring, ebering_ecumenical_altar_hall
D:3:      layout_loops_ring, nemelex_spade_bored_becter, cheibrodos_gnoll_hut
D:4:      layout_loops_corners, amcnicky_mini_rare_corridor_liquid,
          minmay_manual_moon, uniq_grinder
D:5:      minmay_razor_zed, layout_cave_pools, lemuel_doored_altar,
          mainiacjoe_overflow_alcove_2, gammafunk_ghost_cemetery
D:6:      layout_basic, uniq_menkaure
D:7:      layout_loops_ring, chequers_temple_overflow_statue_of_worship,
          minmay_temple_entry_glass
D:8:      layout_layer_cave, amcnicky_mini_pool_medium, uniq_maurice
D:9:      layout_small_grid, minmay_lair_entry_grove
Lair:1:   layout_small_grid, chequers_serial_rivers_micro_d,
          nicolae_lair_liquid_snakes, serial_bayou_shore_a, lemuel_fruit_tree
Lair:2:   layout_loops_ring, minmay_shoals_entry_hut,
          nicolae_spider_entry_non_spiders, nicolae_quartered_pool_impasse,
          grunt_megastairs_5

Skill      XL: |  1  2  3  4  5  6  7  8  9 10 11 |
---------------+----------------------------------+-----
Unarmed Combat | 1 2 4 5 8 13 14 | 14.1
Fighting       | 2 4 7 |  7.0
Spellcasting   | 2 3 4 |  4.0
Necromancy     | 5 6 9 |  9.0
Dodging        | 5 |  5.0
Armour         | 2 |  2.0
Stealth        | 4 |  4.0
Invocations    | 1 5 |  5.4

Action                     |  1- 3 |  4- 6 |  7- 9 | 10-12 || total
---------------------------+-------+-------+-------+-------++-------
  Melee: Unarmed           |    52 |    93 |   355 |   167 ||   667
         Punch             |     1 |       |    14 |    14 ||    29
   Cast: Necrotise         |    52 |    38 |    25 |     1 ||   116
         Vampiric Draining |       |     1 |    22 |    29 ||    52
         Animate Dead      |       |       |     7 |     8 ||    15
 Invoke: Draw Destruction  |       |       |       |     3 ||     3
  Evoke: Wand              |       |       |       |     9 ||     9
    Use: Scroll            |     5 |     3 |     5 |     2 ||    15
         Potion            |       |     3 |     1 |       ||     4
   Stab: Sleeping          |       |     1 |     2 |     1 ||     4
         Invisible         |       |     4 |       |       ||     4
 Armour: Robe              |    10 |       |       |       ||    10
         Ring mail         |     5 |    12 |       |       ||    17
         Leather armour    |       |    40 |   111 |    42 ||   193
  Dodge: Dodged            |    30 |    66 |   180 |   103 ||   379

Table legend: (Time is in decaauts)
 A = Elapsed time spent in this place.
 B = Non-inter-level travel time spent in this place.
 C = Inter-level travel time spent in this place.
 D = Time resting spent in this place.
 E = Time spent auto-exploring this place.
 F = Levels seen in this place.
 G = Mean time per level.
                   A        B        C        D        E       F      G
               +--------+--------+--------+--------+--------+-----+--------+
         Total |  12743 |  12168 |    575 |   2572 |   7577 |  11 | 1158.5 |
       Dungeon |  11945 |  11371 |    574 |   2070 |   7421 |   9 | 1327.2 |
          Lair |    798 |    798 |      0 |    502 |    156 |   2 |  399.0 |
               +--------+--------+--------+--------+--------+-----+--------+

Top non-repeatable levels by time:
     D:4: 2173 daAuts
     D:8: 1625 daAuts
     D:5: 1349 daAuts
     D:3: 1346 daAuts
     D:9: 1324 daAuts
     D:1: 1172 daAuts
     D:7: 1146 daAuts
     D:2: 934 daAuts
     D:6: 871 daAuts
  Lair:1: 796 daAuts
  Lair:2: 1 daAuts
